 Dungeon Crawl Stone Soup version 0.30-a0-756-gc2185399d4 (console) character file.

Game seed: 1893446653488756573

214 rlgrobin the Poker (level 5, 0/41 HPs)
             Began as a Demonspawn Wanderer on Feb 9, 2023.
             Succumbed to a scorpion's poison
             ... on level 4 of the Dungeon.
             The game lasted 00:05:26 (2538 turns).

rlgrobin the Poker (Demonspawn Wanderer)            Turns: 2538, Time: 00:05:27

Health: 0/41       AC:  3    Str: 15    XL:     5   Next: 59%
Magic:  6/6        EV: 11    Int: 22    God:
Gold:   215        SH:  4    Dex: 12    Spells: 6/6 levels left

rFire   . . .      SeeInvis +    a - +4 spear
rCold   . . .      Faith    .    s - +0 buckler
rNeg    . . .      Spirit   .    c - +0 robe
rPois   .          Reflect  .    k - +0 hat
rElec   .          Harm     .    r - +0 cloak
rCorr   +          Rampage  .    (no gloves)
Will    .....                    (no boots)
Stlth   ++                       (no amulet)
HPRegen 0.26/turn                m - +6 ring of intelligence
MPRegen 0.10/turn                o - ring "Xystouv" {rCorr Str+3 SInv}

@: lethally poisoned (0 -> -3)
A: horns 1, demonic guardian 1
a: no special abilities


You were on level 4 of the Dungeon.
You visited 1 branch of the dungeon, and saw 4 of its levels.
You also visited: Sewer.

You collected 215 gold pieces.

Inventory:

Hand Weapons
 a - a +4 spear (weapon)
 i - a +2 dagger of venom
 p - a +0 quarterstaff of speed
Missiles
 v - 4 poisoned darts (quivered)
Armour
 c - a +0 robe (worn)
 k - a +0 hat (worn)
 r - a +0 cloak (worn)
 s - a +0 buckler (worn)
Jewellery
 m - a +6 ring of intelligence (left hand)
 o - the ring "Xystouv" (right hand) {rCorr Str+3 SInv}
   (You found it on level 3 of the Dungeon)

   [ring of see invisible]

   Str:       It affects your strength (+3).
   SInv:      It lets you see invisible.
   rCorr:     It protects you from acid and corrosion.
Scrolls
 d - a scroll of vulnerability {unknown}
 e - 2 scrolls of teleportation
 g - 2 scrolls of enchant weapon
Potions
 b - 2 potions of haste
 f - a potion of resistance {unknown}
 h - 2 potions of might
 l - a potion of cancellation {unknown}
 n - 2 potions of lignification {unknown}
 t - a potion of curing {unknown}
 u - 2 potions of flight {unknown}


   Skills:
 - Level 3.0 Fighting
 + Level 4.1 Polearms
 - Level 2.0 Dodging
 - Level 2.0 Stealth
 + Level 2.6 Shields
 - Level 1.0 Spellcasting
 - Level 1.7 Translocations


You had 6 spell levels left.
You didn't know any spells.
Your spell library contained the following spells:

 Spells                   Type           Power      Damage    Failure   Level
 Lesser Beckoning         Tloc           16%        N/A       14%         2
 Momentum Strike          Conj/Tloc      8%         3d8       22%         2
 Cigotuvi's Dreadful Rot  Necr/Pois/Air  2%         N/A       30%         2
 Poisonous Vapours        Pois/Air       2%         N/A       30%         2
 Mephitic Cloud           Conj/Pois/Air  1%         N/A       52%         3


Dungeon Overview and Level Annotations

Branches:
Dungeon (4/15)             Temple (0/1) D:4           Sewer (visited)

Altars:


Innate Abilities, Weirdness & Mutations

You have a pair of small horns on your head.
A weak demonic guardian rushes to your aid.


Message History

The puff of frost hits the orc priest!
The orc priest hits your white imp but does no damage.
You hit the orc priest.
You kill the orc priest!
Your Polearms skill increases to level 4!
You swap places.
Found a short sword.
Things that are here:
a +0 mace; a +0 ring mail
There is a staircase to the Ecumenical Temple here.
Your white imp disappears in a puff of smoke!
A scorpion comes into view.
Found a book of Unlife.
The scorpion stings you.
You are poisoned.
The scorpion poisons you!
You feel very sick. The scorpion stings you.
You are more poisoned.
The scorpion poisons you!
You feel very sick. The scorpion stings you.
* * * LOW HITPOINT WARNING * * *
The scorpion misses you.
* * * LOW HITPOINT WARNING * * *
You feel very sick. The scorpion closely misses you.
* * * LOW HITPOINT WARNING * * *
You feel very sick. The scorpion misses you.
* * * LOW HITPOINT WARNING * * *
You feel sick. You block the scorpion's attack.
* * * LOW HITPOINT WARNING * * *
You feel sick. The scorpion completely misses you.
* * * LOW HITPOINT WARNING * * *
You feel sick. The scorpion barely misses you. You block the scorpion's attack.
* * * LOW HITPOINT WARNING * * *
You feel sick. You block the scorpion's attack.
* * * LOW HITPOINT WARNING * * *
You feel sick. You block the scorpion's attack.
You die...

#.#.#### #.......
#...... ###.....
###.....### ...[.....
...###.#s#.#
..........@####
...##..##...>.+
..:.......)## .#
....#.)##..#.# #.# ...
#.. #..#.# #.# .. .#
#..##..#.# #.##..
#......#.# #.##..
#........#########.##..
...............##.##.#


You could see a scorpion.

Vanquished Creatures
  A water moccasin (Sewer)
  An orc priest (D:4)
  2 adders (D:3)
  A worm (D:4)
  3 ball pythons
  3 endoplasms (D:1)
  6 giant cockroaches
  2 goblins (D:1)
  8 hobgoblins
  3 quokkas
  12 bats
  3 frilled lizards
  11 kobolds
  A rat (D:2)
57 creatures vanquished.

Notes
Turn   | Place    | Note
-------+----------+-------------------------------------------
     0 | D:1      | rlgrobin the Demonspawn Wanderer began the quest for the
                  | Orb.
     0 | D:1      | rlgrobin set off with the following items: a +3 spear, a
                  | potion of haste, a +0 robe; and the following spells
                  | available to memorise: Lesser Beckoning, Momentum Strike.
     0 | D:1      | Reached XP level 1. HP: 18/18 MP: 2/2
   177 | D:1      | Gained mutation: You have a pair of small horns on your
                  | head. [demonic ancestry]
   177 | D:1      | Reached XP level 2. HP: 20/24 MP: 3/3
   229 | D:1      | Reached skill level 1 in Dodging
   808 | D:2      | Reached XP level 3. HP: 29/29 MP: 4/4
  1358 | D:3      | Identified the ring "Xystouv" {rCorr Str+3 SInv}
  1374 | D:3      | Identified the +2 whip "Zirakolu" {flame, Int+2}
  1605 | D:3      | Reached skill level 3 in Polearms
  2198 | D:4      | Reached skill level 1 in Shields
  2198 | D:4      | Reached XP level 4. HP: 35/35 MP: 5/5
  2243 | D:4      | Found a glowing drain.
  2247 | Sewer    | Entered a sewer
  2305 | Sewer    | Noticed a water moccasin
  2315 | Sewer    | Killed a water moccasin
  2316 | Sewer    | Gained mutation: A weak demonic guardian rushes to your
                  | aid. [demonic ancestry]
  2316 | Sewer    | Reached XP level 5. HP: 28/41 MP: 6/6
  2465 | D:4      | Found a staircase to the Ecumenical Temple.
  2478 | D:4      | Reached skill level 4 in Polearms
  2535 | D:4      | HP: 2/41 [poisoned by a scorpion]
  2538 | D:4      | Succumbed to a scorpion's poison

Illustrated notes

Levels and vault maps discovered:
D:1:      minmay_arrival_four_houses, layout_loops_ring
D:2:      layout_basic
D:3:      layout_basic, minivault_5
D:4:      layout_basic, minmay_temple_entry_proselytizer, gup_sewer_entry_bowl

Skill      XL: |  1  2  3  4  5 |
---------------+----------------+-----
Stealth        | 2 |  2.0
Dodging        | 1 2 |  2.0
Polearms       | 3 4 |  4.1
Shields        | 1 2 |  2.6
Fighting       | |  3.0
Spellcasting   | |  1.0
Translocations | |  1.7

Action                     |  1- 3 |  4- 6 || total
---------------------------+-------+-------++-------
  Melee: Spear             |   133 |    58 ||   191
         Headbutt          |    10 |     8 ||    18
    Use: Scroll            |     6 |       ||     6
         Potion            |       |     1 ||     1
   Stab: Sleeping          |     7 |       ||     7
 Armour: Robe              |    17 |    30 ||    47
  Dodge: Dodged            |    61 |    48 ||   109
  Block: Buckler           |     3 |    22 ||    25

Table legend: (Time is in decaauts)
 A = Elapsed time spent in this place.
 B = Non-inter-level travel time spent in this place.
 C = Inter-level travel time spent in this place.
 D = Time resting spent in this place.
 E = Time spent auto-exploring this place.
 F = Levels seen in this place.
 G = Mean time per level.
                   A        B        C        D        E       F      G
               +--------+--------+--------+--------+--------+-----+--------+
         Total |   2539 |   2502 |     37 |    233 |   1614 |   5 |  507.8 |
       Dungeon |   2356 |   2319 |     37 |    233 |   1518 |   4 |  589.0 |
         Sewer |    183 |    183 |      0 |      0 |     96 |   1 |  183.0 |
               +--------+--------+--------+--------+--------+-----+--------+

Top non-repeatable levels by time:
     D:1: 785 daAuts
     D:3: 699 daAuts
     D:2: 545 daAuts
     D:4: 325 daAuts
   Sewer: 183 daAuts
